 Dungeon Crawl Stone Soup version 0.30.1-9-gdf580d7c3d (webtiles) character file.

Game seed: 2949522893303912299

340 Ivernyr the Covered (level 6, -4/51 HPs)
             Began as a Formicid Fighter on Sept 29, 2023.
             Slain by a gnoll
             ... wielding a +0 club
              (6 damage)
             ... on level 3 of the Dungeon.
             The game lasted 00:06:51 (2910 turns).

Ivernyr the Covered (Formicid Fighter)              Turns: 2910, Time: 00:06:51

Health: -4/51      AC:  8    Str: 23    XL:     6   Next: 87%
Magic:  6/6        EV:  9    Int:  7    God:
Gold:   153        SH:  5    Dex: 13    Spells: 5/5 levels left

rFire   . . .        a - +0 flail
rCold   . . .        c - +0 buckler
rNeg    . . .        b - +0 scale mail
rPois   .            (helmet unavailable)
rElec   .            (no cloak)
rCorr   .            k - +0 pair of gloves
SInv    +            (no boots)
Will    .....        (no amulet) Stlth
                     (no ring)
HPRegen 0.28/turn    (no ring)
MPRegen 0.10/turn

%: no passive effects
@: no status effects
A: permanent stasis, dig shafts and tunnels, antennae 3, four strong arms
a: Dig, Shaft Self


You were on level 3 of the Dungeon.
You visited 1 branch of the dungeon, and saw 4 of its levels.

You collected 153 gold pieces.

Inventory:

Hand Weapons
 a - a +0 flail (weapon)
Armour
 b - a +0 scale mail (worn)
 c - a +0 buckler (worn)
 k - a +0 pair of gloves (worn)
Scrolls
 g - 2 scrolls of summoning {unknown}
 i - a scroll of fog {unknown}
 j - 2 scrolls of immolation {unknown}
 l - 2 scrolls of noise {unknown}
 n - 2 scrolls of poison {unknown}
 o - 4 scrolls of identify {unknown}
 r - a scroll of fear {unknown}
 t - a scroll of vulnerability {unknown}
Potions
 d - a potion of might
 e - 4 potions of mutation {unknown}
 f - a potion of flight {unknown}
 h - 2 potions of attraction {unknown}
 m - a potion of magic {unknown}
 p - a potion of invisibility {unknown}
 q - a potion of curing {unknown}
 s - a potion of heal wounds {unknown}


   Skills:
 + Level 5.2 Fighting
 + Level 4.1 Maces & Flails
 + Level 5.2 Armour
 - Level 4.0 Shields


You had 5 spell levels left.
You didn't know any spells.
Your spell library contained the following spells:

 Spells                   Type           Power      Damage    Failure   Level
 Call Canine Familiar     Summ           0%         N/A       99%         3
 Portal Projectile        Hex/Tloc       0%         N/A       99%         3
 Leda's Liquefaction      Hex/Erth       0%         N/A       100%        4


Dungeon Overview and Level Annotations

Branches:
Dungeon (4/15)
 Temple: D:4-7

Altars:

Shops:
D:1 [


Innate Abilities, Weirdness & Mutations

You cannot be hasted, slowed, berserked, paralysed or teleported.
You can dig through walls and to a lower floor.
You have a pair of large antennae on your head. (SInv)
Your four strong arms can wield two-handed weapons with a shield.


Message History

Unknown command.
You see here a +0 buckler.
The gnoll attacks as you move away! The gnoll hits you but does no damage.
The gnoll attacks as you move away! The gnoll hits you but does no damage.
The gnoll attacks as you move away! The gnoll hits you with a +0 club.
* * * LOW HITPOINT WARNING * * *
The gnoll attacks as you move away! The gnoll hits you with a +0 club.
* * * LOW HITPOINT WARNING * * *
You sock the gnoll!
The gnoll is severely wounded.
The gnoll closely misses you. The gnoll barely misses you.
The gnoll hits you but does no damage. The gnoll attacks as you move away!
The gnoll hits you but does no damage.
Found 2 atropa-tipped darts.
You hit the gnoll.
The gnoll is severely wounded.
The gnoll hits you but does no damage. The gnoll attacks as you move away!
You block the gnoll's attack.
You barely miss the gnoll.
The gnoll is severely wounded.
The gnoll hits you with a +0 club!
* * * LOW HITPOINT WARNING * * *
You barely miss the gnoll.
The gnoll is severely wounded.
You block the gnoll's attack.
An endoplasm comes into view.
The endoplasm quivers.
The endoplasm moves out of view.
There is a stone staircase leading up here.
The gnoll closely misses you.
You climb upwards.
There is a stone staircase leading down here.
You barely miss the gnoll.
The gnoll is severely wounded.
The gnoll hits you with a +0 club.
* * * LOW HITPOINT WARNING * * *
You hit the gnoll but do no damage.
The gnoll is severely wounded.
The gnoll hits you with a +0 club.
You die...

#.###..###.# #.##..##.# #.# #..#
#.# #########.###.##.# #.###..#
#.# #.........# #.##.# #......#
#.# #.######..###.#... #..##.##
#.# #.# #..#....... ##..##.####.#
#.# #..#)#.#... .........##.# #.#
#.......... )#...###.##.# #g#
#.##.#.#... <#...###.##.# #@#
#.##....... .#..........####.#
#..........
###..###.........######..........
#..................##.######.##
#.################.##.# #.#
#..........# #.##.# #.#
##########.# #.##.# #.##
#.#######.##.# #...
#...[........#########


You could see a gnoll.

Vanquished Creatures
  A black bear (D:4)
  A scorpion (D:2)
  A hound (D:4)
  Robin (D:1)
  4 gnolls (D:2)
  3 adders
  A worm (D:2)
  9 orcs
  5 endoplasms
  2 giant cockroaches (D:2)
  9 hobgoblins
  8 kobolds
  4 ball pythons
  4 bats
  6 frilled lizards
  21 goblins
  3 rats
83 creatures vanquished.

Notes
Turn   | Place    | Note
-------+----------+-------------------------------------------
     0 | D:1      | Ivernyr the Formicid Fighter began the quest for the Orb.
     0 | D:1      | Reached XP level 1. HP: 18/18 MP: 1/1
    95 | D:1      | Found Esunn's Armour Emporium.
   253 | D:1      | Reached XP level 2. HP: 24/24 MP: 2/2
   778 | D:1      | Reached XP level 3. HP: 25/30 MP: 3/3
  1093 | D:2      | Noticed Robin
  1344 | D:1      | Killed Robin
  1345 | D:1      | Reached XP level 4. HP: 10/37 MP: 4/4
  1575 | D:2      | Identified the +8 glaive of Viozin {drain, *Rage MP+9
                  | Stlth+}
  1636 | D:2      | Reached XP level 5. HP: 17/42 MP: 5/5
  2194 | D:3      | Reached XP level 6. HP: 40/49 MP: 6/6
  2709 | D:4      | Reached skill level 5 in Fighting
  2709 | D:4      | Reached skill level 5 in Armour
  2859 | D:4      | Noticed a black bear
  2871 | D:4      | Killed a black bear
  2897 | D:4      | HP: 1/51 [gnoll/+0 club (8)]
  2909 | D:3      | HP: 2/51 [gnoll/+0 club (3)]
  2910 | D:3      | Slain by a gnoll

Illustrated notes

Levels and vault maps discovered:
D:1:      dpeg_arrival_lava_altar, layout_loops_ring, serial_shops, shop,
          serial_forest, infiniplex_forest_lined_room_, infiniplex_forest_end_1,
          infiniplex_forest_fountain, infiniplex_forest_lined_corner,
          infiniplex_forest_clump_C, infiniplex_forest_lined_2,
          infiniplex_forest_zigzag_1, kennysheep_crisscross, minmay_tall_x
D:2:      layout_rooms, uniq_robin
D:3:      layout_loops_ring, kennysheep_generic_room_2
D:4:      layout_loops_ring, guppyfry_early_lair_pool, uniq_natasha

Skill      XL: |  1  2  3  4  5  6 |
---------------+-------------------+-----
Fighting       | 4 5 |  5.2
Armour         | 4 5 |  5.2
Maces & Flails | 3 4 |  4.1
Shields        | |  4.0

Action                     |  1- 3 |  4- 6 || total
---------------------------+-------+-------++-------
  Melee: Flail             |   125 |   160 ||   285
Ability: Dig               |       |     1 ||     1
 Armour: Scale mail        |    98 |   103 ||   201
  Dodge: Dodged            |    66 |    90 ||   156
  Block: Buckler           |    62 |    48 ||   110
